 Dungeon Crawl Stone Soup version 0.30-a0-570-g486de37d69 (webtiles) character file.

Game seed: 16139101515756393804

67627 jt the Warrior (level 16, -2/167 HPs)
             Began as a Meteoran Wanderer on Dec 29, 2022.
             Was a High Priest of Trog.
             Slain by a swamp dragon (13 damage)
             ... on level 4 of the Swamp.
             The game lasted 00:56:34 (9105 turns).

jt the Warrior (Meteoran Wanderer)                  Turns: 9105, Time: 00:56:34

Health: -2/167     AC: 26    Str: 14 (16) XL:     16   Next: 14%
Magic:  19/19      EV: 11    Int: 16 (17) God:    Trog [*****.]
Gold:   646        SH: 13    Dex: 15 (17) Spells: 16/17 levels left

rFire   . . .      SeeInvis .    b - +2 war axe (flame)
rCold   . . .      Faith    .    u - +1 buckler {AC+3}
rNeg    . . .      Spirit   .    Y - +0 plate armour
rPois   +          Reflect  +    (no helmet)
rElec   .          Harm     .    e - +0 cloak
rCorr   .          Rampage  .    r - +1 pair of gloves
Will    ++++.                    K - +0 pair of boots Stlth
                                 N - amulet of reflection
HPRegen 1.47/turn                l - ring of poison resistance
MPRegen 0.16/turn                M - +5 ring of evasion

@: lethally poisoned (-2 -> -2), strong-willed (expiring), on berserk cooldown,
regenerating (expiring), slowed, glowing, very slow
A: sense surroundings 2, otherworldly, glowing, explore regen, claws 1, robust
1, evolution 1, no potion heal 1
a: Renounce Religion, Berserk, Trog's Hand, Brothers in Arms


You were on level 4 of the Swamp.
You worshipped Trog.
Trog was extremely pleased with you.
You visited 4 branches of the dungeon, and saw 22 of its levels.
You also visited: Sewer.

You collected 841 gold pieces.
You spent 195 gold pieces at shops.

Inventory:

Hand Weapons
 a - a +0 war axe of electrocution
 b - a +2 war axe of flaming (weapon)
 g - a +0 demon trident of flaming
 n - a +4 war axe
Missiles
 I - a curare-tipped dart
 P - 8 boomerangs (quivered)
 S - 5 silver javelins
 Z - 18 javelins
Armour
 e - a +0 cloak (worn)
 h - a +2 leather armour of cold resistance
 r - a +1 pair of gloves (worn)
 u - a +1 buckler of protection (worn)
 x - a +0 chain mail of fire resistance
 K - a +0 pair of boots (worn)
 O - a +0 kite shield
 Y - a +0 plate armour (worn)
Jewellery
 l - a ring of poison resistance (left hand)
 z - a ring of see invisible
 C - a ring of resist corrosion
 F - an amulet of regeneration
 G - a ring of ice
 H - a ring of positive energy
 M - a +5 ring of evasion (right hand)
 N - an amulet of reflection (around neck)
Wands
 k - a wand of charming (6)
 m - a wand of iceblast (13)
 J - a wand of flame (7)
 R - a wand of acid (2)
 X - a wand of polymorph (3)
Scrolls
 c - 2 scrolls of fear
 d - a scroll of identify
 i - 3 scrolls of fog
 v - a scroll of blinking
 w - 3 scrolls of vulnerability
 y - 2 scrolls of magic mapping
 A - a scroll of summoning
 D - 3 scrolls of enchant weapon
 L - 4 scrolls of enchant armour
 T - a scroll of brand weapon
 U - a scroll of immolation
 V - 2 scrolls of poison
Potions
 f - 8 potions of curing
 j - 2 potions of heal wounds
 o - 3 potions of ambrosia
 p - 4 potions of haste
 q - 4 potions of magic
 s - a potion of cancellation
 t - a potion of flight
 B - a potion of resistance
 Q - 5 potions of attraction
 W - 2 potions of might
Miscellaneous
 E - a tin of tremorstones (2/2)


   Skills:
 + Level 16.5 Fighting
 - Level 16.0 Axes
 - Level 2.0 Throwing
 + Level 15.5 Armour
 - Level 2.0 Dodging
 - Level 2.1 Stealth
 + Level 12.7 Shields
 - Level 1.3 Spellcasting
 - Level 2.4 Translocations
 - Level 5.0 Evocations


You had 16 spell levels left.
You knew the following spells:

 Your Spells              Type           Power      Damage    Failure   Level
a - Apportation           Tloc           16%        N/A       94%         1

Your spell library contained the following spells:

 Spells                   Type           Power      Damage    Failure   Level
 Slow                     Hex            4%         N/A       100%        1
 Confusing Touch          Hex            1%         N/A       100%        3
 Ignite Poison            Fire/Tmut/Pois 1%         N/A       100%        3
 Kindle Blastsparks       Fire/Tloc/Air  6%         2d10      100%        3
 Portal Projectile        Hex/Tloc       8%         N/A       100%        3
 Vampiric Draining        Necr           1%         2d6       100%        3
 Blade Hands              Tmut           0%         N/A       100%        5
 Freezing Cloud           Conj/Ice/Air   0%         6-21      100%        5
 Irradiate                Conj/Tmut      0%         3d11      100%        5
 Dragon Form              Tmut           0%         N/A       100%        7
 Malign Gateway           Summ/Tloc      2%         N/A       100%        7
 Summon Horrible Things   Summ           0%         N/A       100%        8


Dungeon Overview and Level Annotations

Branches:
Dungeon (12/15) Zot: 1146  Temple (1/1) D:5 Zot: 598    Lair (5/5) D:8 Zot: 1391
  Swamp (4/4) Lair:2 Zot: 1193   Slime (0/5) Lair:4        Sewer (visited)
  Snake: Lair:2-3    Spider: Lair:2-3       Orc: D:9-12

Altars:
Ashenzari
Cheibriados
Dithmenos
Elyvilon
Fedhas
Gozag
Hepliaklqana
Makhleb
Nemelex Xobeh
Okawaru
Qazlal
Ru
Trog
Uskayaw
Vehumet
Wu Jian
Xom
Zin
The Shining One

Shops:
D:2 (   D:5 (   D:12 ?[==(

Annotations:
Swamp:4 2 transporters, Zoigrime's ghost, adept FoFi


Innate Abilities, Weirdness & Mutations

You passively map the area around you.
You are easily found by Zot.
You glow in the dark.
You regain HP and MP as you explore.
You have sharp fingernails.
You are robust. (+10% HP)
You have hidden genetic potential.
Potions are less effective at restoring your health.


Message History

The swamp dragon completely misses you.
You slash the shadow! You burn the shadow!
The shadow is almost destroyed.
You slash the swamp dragon! You burn the swamp dragon!
You feel sick.
You slash the shadow! You burn the shadow.
You destroy the shadow!
Trog accepts your kill.
You hit the swamp dragon but do no damage.
You feel sick. The swamp dragon bites you!
* * * LOW HITPOINT WARNING * * *
The swamp dragon closely misses you. The swamp dragon tramples you.
* * * LOW HITPOINT WARNING * * *
You hold your ground!
You hit the swamp dragon. You burn the swamp dragon.
The swamp dragon is severely wounded.
You hit the swamp dragon. You burn the swamp dragon.
You are no longer berserk.
You are exhausted.
You feel yourself slow down.
Your skin crawls.
You feel strong-willed.
You feel sick. You block the swamp dragon's attack. The swamp dragon claws you.
* * * LOW HITPOINT WARNING * * *
The swamp dragon tramples you but does no damage.
The swamp dragon breathes poison at you.
The blast of poison engulfs you but does no damage.
You resist. You block the swamp dragon's attack.
The swamp dragon claws you but does no damage.
You block the swamp dragon's attack. The swamp dragon bites you!
* * * LOW HITPOINT WARNING * * *
The swamp dragon claws you but does no damage.
The swamp dragon tramples you but does no damage.
Okay, then.
Your system partially rejects the healing.
You feel much better.
You feel the effects of Trog's Hand fading.
You feel sick. You block the swamp dragon's attack. The swamp dragon claws you!
* * * LOW HITPOINT WARNING * * *
The swamp dragon completely misses you. The swamp dragon bites you!
You die...

, ** * ~ , ~ * ,~~ * ,~ ,
~ ~≈ ~ .. ~ ~* ≈≈~ * ~
§~. ~ ≈.≈. , ~ ~~.. ♣
#~#.≈≈ , . ~~♣♣ ~##~#.#.≈
~ * ,* ~..♣♣~.♣♣♣D○#~#~≈
~ ~ ~~~~..♣○☼♣@D♣~#~# ~*~
, ~.~~~.....○°○#~# ~
♣.~~§~~.~§°°§○~♣ **
*~§~~~~~§......~♣♣♣♣♣♣♣♣
♣.~~~~§~~.§~~~~§♣..♣~.♣ *
♣.~~.~~~..~♣...♣♣...♣~♣ ~
♣~.~§~~§~~...†.|....♣♣
~.♣§.~~~~~.~.~~~~~.~~..♣
~~§~~[~~~~.♣♣♣~~~~~~~~<~♣


You could see 2 swamp dragons.

Vanquished Creatures
  A tentacled monstrosity (Swamp:1)
  Frances (Swamp:2)
  Donald (Swamp:2)
  A bunyip (Swamp:4)
  4 hydras
  2 ghost crabs (Swamp:4)
  2 two-headed ogres
  12 alligators
  A boulder beetle (D:12)
  7 death yaks
  Urug (D:12)
  Amaemon (Lair:3)
  Nergalle (D:12)
  A goliath frog (Swamp:2)
  A spriggan druid (Swamp:1)
  4 swamp dragons
  A death drake (Swamp:2)
  5 bog bodies
  An oklob plant (Lair:1)
  2 manticores
  An ugly thing (D:6)
  4 will-o-the-wisps
  10 elephants (Lair:4)
  A black mamba (Lair:5)
  3 gargoyles
  An unseen horror (D:11)
  An orange demon (Lair:3)
  13 cane toads
  4 komodo dragons (Lair:4)
  A torpor snail (Lair:2)
  Psyche (D:10)
  A kobold demonologist (D:10)
  4 trolls
  2 hornets (Swamp:1)
  4 slime creatures (D:12)
  7 tyrant leeches
  3 blink frogs (Lair:5)
  2 spriggans (Swamp:1)
  6 shadows
  3 wyverns
  3 wraiths
  50 yaks
  2 steam dragons
  2 basilisks
  Eustachio (D:4)
  3 vampire mosquitoes (Swamp:4)
  13 swamp worms
  14 water moccasins
  An acid dragon (D:12)
  A swamp drake (Swamp:3)
  2 black bears
  6 orc warriors
  A sky beast (D:8)
  5 wolves (Lair:2)
  2 ogres
  4 centaurs
  A phantom (D:5)
  2 kobold brigands
  7 bullfrogs
  A necrophage (D:6)
  A gnoll sergeant (D:12)
  7 scorpions
  7 wights
  11 killer bees
  3 electric eels
  3 howler monkeys
  11 orc priests
  2 hounds (D:6)
  A jelly (D:4)
  2 gnoll boudas
  6 iguanas
  11 orc wizards
  9 gnolls
  14 adders
  3 river rats (Sewer)
  A shadow imp (D:7)
  3 white imps
  A dart slug (D:1)
  57 orcs
  4 bats
  13 endoplasms
  4 giant cockroaches
  6 goblins
  5 hobgoblins
  8 jackals
  15 kobolds
  4 quokkas
  23 ball pythons
  2 frilled lizards (D:2)
  A goblin skeleton (D:6)
  A goblin zombie (D:6)
  3 hobgoblin zombies (D:6)
  A kobold skeleton (D:6)
  An orc skeleton (D:6)
  31 rats
518 creatures vanquished.

Vanquished Creatures (collateral kills)
  A bunyip (Swamp:2)
  A ghost crab (Swamp:2)
  A spriggan druid (Swamp:2)
  A goliath frog (Swamp:2)
  A tyrant leech (Swamp:2)
  A spriggan (Swamp:2)
  A swamp worm (Swamp:2)
7 creatures vanquished.

Vanquished Creatures (others)
  A bunyip (Swamp:4)
  A spriggan (Swamp:2)
  2 bloated husks
  A hornet (Swamp:2)
  An orc (D:8)
  21 foxfires
  24 fungi
  31 plants
82 creatures vanquished.

Grand Total: 607 creatures vanquished

Notes
Turn   | Place    | Note
-------+----------+-------------------------------------------
     0 | D:1      | jt the Meteoran Wanderer began the quest for the Orb.
     0 | D:1      | jt set off with the following items: a +2 hand axe, a +0
                  | cloak, a scroll of fear, a +0 robe; and the following spell
                  | memorised: Apportation; and the following spells available
                  | to memorise: Portal Projectile.
     0 | D:1      | Reached XP level 1. HP: 16/16 MP: 3/3
   134 | D:1      | Reached XP level 2. HP: 21/23 MP: 5/5
   255 | D:2      | Found Suetorphi's Antique Weapon Shoppe.
   268 | D:2      | Reached skill level 1 in Dodging
   276 | D:2      | Reached XP level 3. HP: 28/28 MP: 6/6
   374 | D:1      | Found a faded altar of an unknown god.
   387 | D:1      | Prayed at the altar of an unknown god.
   387 | D:1      | Became a worshipper of Trog the Wrathful
   387 | D:1      | Reached * piety under Trog
   482 | D:1      | Reached skill level 1 in Armour
   859 | D:4      | Reached XP level 4. HP: 35/36 MP: 7/7
   886 | D:4      | Reached ** piety under Trog
   939 | D:4      | Found a blossoming altar of Fedhas.
   964 | D:4      | Reached XP level 5. HP: 41/41 MP: 8/8
   990 | D:5      | Entered Level 5 of the Dungeon
  1061 | D:5      | Reached skill level 5 in Axes
  1098 | D:5      | Noticed a phantom
  1105 | D:5      | Killed a phantom
  1106 | D:5      | Reached XP level 6. HP: 51/51 MP: 9/9
  1141 | D:5      | Found a staircase to the Ecumenical Temple.
  1152 | Temple   | Entered the Ecumenical Temple
  1160 | D:5      | Found Lappoy's Weapon Emporium.
  1234 | D:5      | Found a glowing drain.
  1251 | Sewer    | Entered a sewer
  1344 | Sewer    | Reached XP level 7. HP: 50/57 MP: 10/10
  1359 | Sewer    | Reached *** piety under Trog
  1488 | D:4      | Noticed Eustachio
  1498 | D:4      | Killed Eustachio
  1499 | D:4      | Reached XP level 8. HP: 48/66 MP: 11/11
  1846 | D:5      | Reached skill level 5 in Armour
  1848 | D:5      | Found a shadowy altar of Dithmenos.
  1907 | D:4      | You fall into a shaft and drop 2 floors!
  1925 | D:6      | Found a glowing golden altar of the Shining One.
  1928 | D:6      | Reached skill level 5 in Fighting
  1939 | D:6      | Noticed a green ugly thing
  1954 | D:6      | Killed a green ugly thing
  1955 | D:6      | Gained mutation: You passively map the area around you.
                  | [Meteoran growth]
  1955 | D:6      | Reached XP level 9. HP: 58/75 MP: 12/12
  1985 | D:6      | Reached skill level 10 in Axes
  2087 | D:6      | Found a sacrificial altar of Ru.
  2164 | D:6      | Reached **** piety under Trog
  2257 | D:8      | Reached XP level 10. HP: 26/86 MP: 13/13
  2328 | D:7      | Reached skill level 1 in Evocations
  2398 | D:8      | Found a staircase to the Lair.
  2410 | Lair:1   | Entered Level 1 of the Lair of Beasts
  2474 | D:9      | Noticed a gargoyle
  2491 | D:9      | Killed a gargoyle
  2852 | D:6      | Found a hazy altar of Hepliaklqana.
  2936 | D:6      | Reached ***** piety under Trog
  3091 | D:4      | Identified the +1 robe of Amorality {rF+}
  3355 | D:2      | Bought a masterwork war axe for 195 gold pieces
  3355 | D:2      | Identified the +4 war axe "Zulav" {pain, Int+4} (You bought
                  | it in a shop on level 2 of the Dungeon)
  3574 | D:3      | Found an ornate altar of the Wu Jian Council.
  3983 | D:8      | Reached XP level 11. HP: 43/94 MP: 14/14
  4003 | D:8      | Reached skill level 5 in Evocations
  4556 | D:10     | Entered Level 10 of the Dungeon
  4556 | D:10     | Found a snail-covered altar of Cheibriados.
  4639 | D:10     | Reached skill level 15 in Axes
  4703 | D:10     | Found a shimmering altar of Xom.
  4747 | D:10     | Noticed Psyche
  4751 | D:10     | Killed Psyche
  4752 | D:10     | Reached skill level 10 in Fighting
  4764 | D:10     | Identified the +1 robe "Sevvoeq" {Int+4}
  4907 | D:10     | Noticed a two-headed ogre
  4930 | D:10     | Killed a two-headed ogre
  4978 | D:10     | Reached XP level 12. HP: 107/107 MP: 15/15
  5004 | D:10     | Found a burning altar of Makhleb.
  5191 | D:12     | Found Meole's Magic Scroll Emporium.
  5211 | D:12     | Noticed a boulder beetle
  5279 | D:11     | Noticed a two-headed ogre
  5293 | D:11     | Killed a two-headed ogre
  5471 | D:12     | Found Runka's Jewellery Boutique.
  5471 | D:12     | Found Ytseaj's Jewellery Emporium.
  5488 | D:12     | Received a gift from Trog
  5509 | D:12     | Found Hustaihocw's Armour Emporium.
  5631 | D:12     | Killed a boulder beetle
  5664 | D:12     | Noticed Nergalle
  5681 | D:12     | Killed Nergalle
  5767 | D:12     | Found Redock's Weapon Shoppe.
  5788 | D:12     | Noticed Urug
  5799 | D:12     | Killed Urug
  5800 | D:12     | Reached skill level 1 in Shields
  6058 | D:11     | Reached XP level 13. HP: 108/118 MP: 16/16
  6242 | Lair:1   | Found the +1 robe of Vines {NoPotionHeal Regen++++}
  6259 | Lair:1   | Reached skill level 10 in Armour
  6283 | Lair:1   | Noticed a six-headed hydra
  6296 | Lair:1   | Killed a one-headed hydra
  6307 | Lair:1   | Noticed a death yak
  6307 | Lair:1   | Noticed a death yak
  6307 | Lair:1   | Noticed a death yak
  6318 | Lair:1   | Killed a death yak
  6326 | Lair:1   | Killed a death yak
  6335 | Lair:1   | Killed a death yak
  6377 | Lair:1   | Noticed a six-headed hydra
  6388 | Lair:1   | Killed a one-headed hydra
  6389 | Lair:1   | Reached skill level 5 in Shields
  6455 | Lair:2   | Received a gift from Trog
  6516 | Lair:2   | Noticed a death yak
  6516 | Lair:2   | Noticed a death yak
  6516 | Lair:2   | Noticed a death yak
  6517 | Lair:2   | Noticed a death yak
  6536 | Lair:2   | Killed a death yak
  6544 | Lair:2   | Killed a death yak
  6551 | Lair:2   | Killed a death yak
  6558 | Lair:2   | Killed a death yak
  6750 | Lair:4   | Found a glowing silver altar of Zin.
  6858 | Lair:4   | Reached skill level 1 in Throwing
  6871 | Lair:4   | Reached XP level 14. HP: 130/130 MP: 17/17
  7090 | Lair:4   | Found a staircase to the Slime Pits.
  7355 | Lair:3   | Noticed Amaemon
  7376 | Lair:3   | Killed Amaemon
  7377 | Lair:3   | You fall into a shaft and drop 2 floors!
  7377 | Lair:5   | Entered Level 5 of the Lair of Beasts
  7549 | Lair:2   | Found a staircase to the Swamp.
  7566 | Lair:2   | Gained mutation: Potions are less effective at restoring
                  | your health. [potion of mutation]
  7566 | Lair:2   | Gained mutation: You have sharp fingernails. [potion of
                  | mutation]
  7566 | Lair:2   | Gained mutation: You have hidden genetic potential. [potion
                  | of mutation]
  7568 | Swamp:1  | Entered Level 1 of the Swamp
  7629 | Swamp:1  | Reached skill level 15 in Fighting
  7629 | Swamp:1  | Reached skill level 10 in Shields
  7629 | Swamp:1  | HP: 5/202 [alligator (19)]
  7630 | Swamp:1  | HP: 2/202 [alligator (3)]
  7639 | Swamp:1  | HP: 3/135 [alligator (3)]
  7765 | Lair:2   | Reached XP level 15. HP: 111/141 MP: 18/18
  7921 | Swamp:1  | Noticed a tentacled monstrosity
  7980 | Swamp:1  | Killed a tentacled monstrosity
  7989 | Swamp:1  | HP: 6/141 [bunyip (21)]
  8141 | Swamp:2  | Noticed Frances
  8157 | Swamp:2  | Killed Frances
  8176 | Swamp:2  | Found a sparkling altar of Nemelex Xobeh.
  8244 | Swamp:2  | HP: 2/143 [bunyip (21)]
  8257 | Swamp:2  | Gained mutation: You are robust. (+10% HP) [hidden
                  | potential]
  8274 | Swamp:2  | Received a gift from Trog
  8275 | Swamp:2  | Noticed Donald
  8302 | Swamp:2  | Killed Donald
  8476 | Swamp:2  | Reached skill level 15 in Armour
  8713 | Swamp:4  | Entered Level 4 of the Swamp
  8780 | Swamp:4  | Found a transporter.
  8783 | Swamp:4  | Noticed Zoigrime's ghost (adept FoFi)
  8803 | Swamp:4  | Found a transporter.
  8836 | Swamp:4  | Reached XP level 16. HP: 97/167 MP: 19/19
  9104 | Swamp:4  | HP: 8/167 [swamp dragon (8)]
  9105 | Swamp:4  | Slain by a swamp dragon

Illustrated notes

Levels and vault maps discovered:
D:1:      heliophobic_arrival_glass_houses, layout_loops_ring,
          shapermc_ecumenical_altar_mp_highgroup, minmay_heptomino_h4
D:2:      layout_rooms, serial_shops, shop
D:3:      layout_basic, nzn_wu_jian_council_hall
D:4:      layout_basic, lemuel_round_altar, mainiacjoe_overflow_cross_hatched,
          uniq_eustachio
D:5:      layout_basic, kennysheep_mini, minmay_temple_entry_proselytizer,
          serial_shops, nicolae_take_the_stairs, cheibrodos_sewer_entry_drain
D:6:      layout_cave_pods, hangedman_ru_absence, lemuel_crystal_altar,
          nicolae_tso_besieged_by_evil
D:7:      layout_basic, minmay_fountain_box
D:8:      kennysheep_steamy, layout_loops_cross, grunt_lair_entry_orc_guard_hut,
          uniq_maggie, uniq_prince_ribbit1
D:9:      layout_big_octagon, nicolae_lava_and_water, minmay_crystal_room,
          minmay_misc_feat_five, hangedman_abyss_or_decor_clamps
D:10:     layout_basic, nicolae_overflow_hidden_temple, xom_teletrap_fun,
          amcnicky_altar_gilded, uniq_psyche
D:11:     layout_basic, minmay_misc_feat_chi
D:12:     layout_cave_pools, hiddenorc2_lemuel, serial_column_ruins,
          column_ruins_hut_pillars, column_ruins_hut,
          column_ruins_open_tiny_water, column_ruins_columns_corner,
          column_ruins_open_small, column_ruins_corridor_straight,
          column_ruins_columns_dead_end, serial_shops, shop_fountains,
          nicolae_stop_n_shop_2, nicolae_shop_competitors_out_of_business,
          nicolae_shop_statue_plus, nicolae_shop_behind_doors, uniq_nergalle,
          uniq_erolcha, uniq_urug
Temple:   nicolae_temple_x_marks_the_god
Lair:1:   layout_roguey, hellmonk_guarded_unrand_vines, grunt_megastairs_3
Lair:2:   layout_layer_cave, nicolae_swamp_entry_splash_gauntlet,
          dummy_snake_entry, dreamdust_gnoll_shepherd, infiniplex_staircase_pool
Lair:3:   layout_gridlike, gammafunk_ghost_grave, beast_lair_carwin_10,
          grunt_megastairs_4, uniq_amaemon
Lair:4:   layout_layer_cave, dpeg_slime_entry_enclosed, basic_altar
Lair:5:   grunt_lair_end_beastmaster, layout_misc_corridors,
          eino_house_with_fridge, uniq_snorg
Swamp:1:  layout_basic_swamp, evilmike_swamp_ruin_rubble_2, swamp_pool2,
          nicolae_swamp_bean_lake
Swamp:2:  layout_basic_swamp, evilmike_swamp_ruin_house_2,
          nicolae_swamp_godswood, nicolae_swamp_trees_clearing,
          nicolae_swamp_oxbows, uniq_donald, uniq_frances
Swamp:3:  layout_basic_swamp, basic_altar, swamp_pool5, worms_lemuel
Swamp:4:  swamp_vile, layout_basic_swamp, gammafunk_ghost_berserking_beasts,
          swamp_pool1, nicolae_swamp_baby_hydras

Skill      XL: |  1  2  3  4  5  6  7  8  9 10 11 12 13 14 15 |
---------------+----------------------------------------------+-----
Axes           | 4 5 6 7 9 11 13 15 16 | 16.0
Dodging        | 1 2 |  2.0
Armour         | 1 2 3 4 5 9 11 13 15 | 15.5
Fighting       | 2 3 4 5 7 8 10 12 13 15 16 | 16.5
Evocations     | 4 5 |  5.0
Shields        | 1 7 10 12 | 12.7
Throwing       | 1 2 |  2.0
Stealth        | |  2.1
Spellcasting   | |  1.3
Translocations | |  2.4

Action                   |  1- 3 |  4- 6 |  7- 9 | 10-12 | 13-15 | 16-18 || total
-------------------------+-------+-------+-------+-------+-------+-------++-------
Melee: Hand axe          |   103 |    56 |       |       |       |       ||   159
       War axe           |       |    90 |   154 |   485 |   761 |    42 ||  1532
       Punch             |       |       |       |    12 |       |       ||    12
       Unarmed           |       |       |       |     2 |       |       ||     2
Throw: Dart              |       |       |       |    11 |     4 |       ||    15
       Boomerang         |       |       |       |     5 |     1 |       ||     6
Invok: Berserk           |       |     1 |     5 |    11 |    13 |     2 ||    32
       Trog's Hand       |       |       |       |     7 |     5 |     1 ||    13
       Brothers in Arms  |       |       |       |       |     2 |       ||     2
Evoke: Wand              |       |       |       |    16 |     6 |     1 ||    23
  Use: Scroll            |       |     7 |     4 |    12 |     9 |       ||    32
       Potion            |       |       |       |     6 |    22 |     1 ||    29
Armor: Robe              |    13 |       |       |       |       |       ||    13
       Ring mail         |    31 |       |       |       |       |       ||    31
       Chain mail        |     3 |   146 |   136 |   180 |       |       ||   465
       Plate armour      |       |       |       |    72 |   427 |    59 ||   558
Dodge: Dodged            |    39 |    41 |    48 |   216 |   238 |    28 ||   610
Block: Buckler           |       |       |       |       |   360 |    44 ||   404
       Reflection        |       |       |       |       |     7 |       ||     7

Table legend: (Time is in decaauts)
 A = Elapsed time spent in this place.
 B = Non-inter-level travel time spent in this place.
 C = Inter-level travel time spent in this place.
 D = Time resting spent in this place.
 E = Time spent auto-exploring this place.
 F = Levels seen in this place.
 G = Mean time per level.
                   A        B        C        D        E       F      G
               +--------+--------+--------+--------+--------+-----+--------+
         Total |   9140 |   8227 |    913 |    302 |      0 |  23 |  397.4 |
       Dungeon |   6053 |   5305 |    748 |     65 |      0 |  12 |  504.4 |
        Temple |      1 |      1 |      0 |      0 |      0 |   1 |    1.0 |
          Lair |   1608 |   1479 |    129 |     45 |      0 |   5 |  321.6 |
         Swamp |   1204 |   1169 |     35 |    192 |      0 |   4 |  301.0 |
         Sewer |    271 |    271 |      0 |      0 |      0 |   1 |  271.0 |
               +--------+--------+--------+--------+--------+-----+--------+

Top non-repeatable levels by time:
    D:11: 655 daAuts
     D:6: 640 daAuts
  Lair:2: 606 daAuts
    D:10: 582 daAuts
 Swamp:2: 546 daAuts
     D:1: 531 daAuts
     D:3: 523 daAuts
     D:5: 511 daAuts
     D:7: 490 daAuts
     D:4: 459 daAuts
     D:9: 455 daAuts
     D:2: 432 daAuts
     D:8: 397 daAuts
  Lair:4: 391 daAuts
 Swamp:4: 383 daAuts
